 Dungeon Crawl Stone Soup version 0.30.0 (webtiles) character file.

Game seed: 1270989954669085949

244 cheesebisquit the Chopper (level 6, -1/53 HPs)
             Began as a Hill Orc Fighter on May 6, 2023.
             Was an Initiate of Beogh.
             Slain by Duvessa
             ... wielding a +0 rapier
              (5 damage)
             ... on level 4 of the Dungeon.
             The game lasted 00:05:35 (2430 turns).

cheesebisquit the Chopper (Hill Orc Fighter)        Turns: 2430, Time: 00:05:36

Health: -1/53      AC: 11    Str: 21    XL:     6   Next: 10%
Magic:  0/6        EV: 11    Int:  8    God:    Beogh [......]
Gold:   127        SH:  4    Dex: 10    Spells: 5/5 levels left

rFire   . . .        a - +0 war axe
rCold   + . .        c - +0 buckler
rNeg    + . .        o - +0 plate armour
rPois   .            (no helmet)
rElec   .            (no cloak)
rCorr   .            (no gloves)
SInv    .            (no boots)
Will    .....        u - amulet of guardian spirit Stlth
                     m - ring of positive energy
HPRegen 0.28/turn    s - ring of Gipn {rC+ EV+5 Stlth+}
MPRegen 0.10/turn

%: guardian spirit
@: mighty, lit by a corona, glowing
A: no striking features
a: Renounce Religion


You were on level 4 of the Dungeon.
You worshipped Beogh.
Beogh was noncommittal.
You visited 1 branch of the dungeon, and saw 4 of its levels.

You collected 127 gold pieces.

Inventory:

Hand Weapons
 a - a +0 war axe (weapon)
Armour
 c - a +0 buckler (worn)
 o - a +0 plate armour (worn)
Jewellery
 m - a ring of positive energy (left hand)
 s - the ring of Gipn (right hand) {rC+ EV+5 Stlth+}
   (You found it on level 3 of the Dungeon)

   [ring of evasion]

   EV:        It affects your evasion (+5).
   rC:        It protects you from cold.
   Stlth:     It makes you more stealthy.
 u - an amulet of guardian spirit (around neck)
Scrolls
 f - a scroll of noise {unknown}
 i - a scroll of teleportation {unknown}
 j - 2 scrolls of identify {unknown}
 l - 3 scrolls of fog {unknown}
 n - 4 scrolls of magic mapping {unknown}
 p - 2 scrolls of blinking {unknown}
 q - a scroll of fear {unknown}
 r - a scroll of enchant weapon {unknown}
Potions
 b - 2 potions of heal wounds {unknown}
 d - 4 potions of might
 e - a potion of haste {unknown}
 g - 2 potions of mutation {unknown}
 h - 2 potions of curing {unknown}
 k - 2 potions of flight {unknown}
 t - a potion of degeneration {unknown}


   Skills:
 + Level 4.7 Fighting
 * Level 5.3 Axes
 + Level 4.2 Armour
 + Level 0.6 Dodging
 + Level 4.2 Shields
 + Level 1.2 Invocations


You had 5 spell levels left.
You didn't know any spells.
Your spell library contained the following spells:

 Spells                   Type           Power      Damage    Failure   Level
 Kiss of Death            Conj/Necr      0%         2d5       100%        1
 Summon Small Mammal      Summ           0%         N/A       100%        1
 Scorch                   Fire           0%         2d5       100%        2
 Confusing Touch          Hex            0%         N/A       100%        3
 Dispel Undead            Necr           0%         3d6       100%        4
 Flame Wave               Conj/Fire      0%         2d4       100%        4
 Summon Cactus Giant      Summ           0%         N/A       100%        6


Dungeon Overview and Level Annotations

Branches:
Dungeon (4/15)
 Temple: D:4-7

Altars:
Sif Muna
Trog

Annotations:
D:4 Duvessa


Message History

Duvessa is heavily wounded.
You hit Dowan. Duvessa hits you but does no damage.
Dowan hits you but does no damage. Duvessa hits you with a +0 rapier.
Dowan hits you with a +0 dagger!
You feel very mighty all of a sudden. You block Duvessa's attack.
Duvessa zaps a wand.
The puff of flame hits you! Dowan hits you with a +0 dagger.
You hit Duvessa.
Duvessa is heavily wounded.
You slash Dowan! Duvessa misses you. Dowan completely misses you.
Duvessa hits you but does no damage.
You barely miss Duvessa.
Duvessa is heavily wounded.
You completely miss Dowan.
Duvessa zaps a wand.
The puff of flame hits you!
* * * LOW HITPOINT WARNING * * *
Dowan casts a spell at you. The puff of flame hits you.
* * * LOW HITPOINT WARNING * * *
Duvessa hits you with a +0 rapier!
* * * LOW HITPOINT WARNING * * *
Okay, then.
Okay, then.
You closely miss Duvessa.
Duvessa is heavily wounded.
You slash Dowan!
You kill Dowan!
Beogh accepts your kill.
Duvessa weeps, and shakes her weapon.
Duvessa goes berserk!
You block Duvessa's attack. Duvessa hits you with a +0 rapier.
* * * LOW HITPOINT WARNING * * *
Your Invocations skill increases to level 1!
You have reached level 6!
You closely miss Duvessa.
Duvessa is heavily wounded.
Duvessa closely misses you. x2
You hit Duvessa.
Duvessa is severely wounded.
Duvessa hits you with a +0 rapier.
You die...

#...# ..
#...##. #...#.
# #....
##.#####... ..
.<........ ...
#.##...e###....
#......@)......
#........######
#.....<..#
#....#...#
..........#
#...........
#.........#.#
#.##....#.#.# #
#....... #


You could see Duvessa (berserk, fast).

Vanquished Creatures
  Dowan (D:4)
  A hound (D:3)
  Jessica (D:3)
  A hound zombie (D:2)
  A gnoll (D:3)
  2 adders
  A white imp (D:3)
  2 adder skeletons (D:2)
  4 dart slugs
  4 orcs (D:3)
  3 ball pythons
  A bat (D:3)
  A bat zombie (D:2)
  7 endoplasms
  2 giant cockroaches
  7 goblins
  6 hobgoblins
  6 jackals (D:1)
  3 quokkas
  A ball python skeleton (D:2)
  3 frilled lizards (D:1)
  7 kobolds
  7 rats
72 creatures vanquished.

Vanquished Creatures (others)
  An orc (D:3)
  A hobgoblin (D:3)
  A frilled lizard (D:3)
3 creatures vanquished.

Grand Total: 75 creatures vanquished

Notes
Turn   | Place    | Note
-------+----------+-------------------------------------------
     0 | D:1      | cheesebisquit the Hill Orc Fighter began the quest for the
                  | Orb.
     0 | D:1      | Reached XP level 1. HP: 19/19 MP: 1/1
   156 | D:1      | Reached skill level 3 in Axes
   185 | D:1      | Reached XP level 2. HP: 23/27 MP: 2/2
   262 | D:1      | Found a faded altar of an unknown god.
   303 | D:1      | Reached XP level 3. HP: 32/33 MP: 3/3
  1100 | D:2      | Reached skill level 4 in Axes
  1108 | D:2      | Reached XP level 4. HP: 36/40 MP: 4/4
  1524 | D:3      | Became a worshipper of Beogh the Brigand
  1795 | D:3      | Reached XP level 5. HP: 46/47 MP: 5/5
  1935 | D:3      | Identified the ring of Gipn {rC+ EV+5 Stlth+}
  1943 | D:3      | Found a bloodstained altar of Trog.
  1967 | D:3      | Found a shimmering blue altar of Sif Muna.
  1971 | D:3      | Got Sif Muna's Encyclopedia of Allies
  1989 | D:3      | Reached skill level 5 in Axes
  2098 | D:3      | Noticed Jessica
  2104 | D:3      | Killed Jessica
  2415 | D:4      | Noticed Duvessa
  2417 | D:4      | Noticed Dowan
  2428 | D:4      | Killed Dowan
  2429 | D:4      | Reached skill level 1 in Invocations
  2429 | D:4      | Reached XP level 6. HP: 3/53 MP: 0/6
  2430 | D:4      | Slain by Duvessa

Illustrated notes

Levels and vault maps discovered:
D:1:      nagdon_arrival_double_spiral, layout_rooms,
          ebering_ecumenical_altar_webs
D:2:      layout_loops_corners, serial_undead, serial_undead_a, serial_undead_e,
          serial_undead_f, serial_undead_d
D:3:      layout_basic, nzn_overflow_gifts_of_might_and_magic, uniq_jessica
D:4:      nicolae_cairo_tiling_very_big, layout_basic, minmay_misc_feat_doors,
          nicolae_shop_i_like_small_books_too, dreamdust_wishing_well,
          minmay_misc_feat_x, uniq_duvessa

Skill      XL: |  1  2  3  4  5 |
---------------+----------------+-----
Axes           | 3 4 5 |  5.3
Fighting       | 4 |  4.7
Armour         | 4 |  4.2
Shields        | 4 |  4.2
Invocations    | 1 |  1.2
Dodging        | |  0.6

Action                     |  1- 3 |  4- 6 || total
---------------------------+-------+-------++-------
  Melee: War axe           |   101 |    82 ||   183
 Invoke: Convert to Beogh  |       |     1 ||     1
    Use: Potion            |       |     1 ||     1
 Armour: Scale mail        |    39 |       ||    39
         Plate armour      |    17 |    46 ||    63
  Dodge: Dodged            |    37 |    37 ||    74
  Block: Buckler           |    17 |    22 ||    39
